 Dungeon Crawl Stone Soup version 0.19.5 (webtiles) character file.

256 Haldmier the Slasher (level 5, -9/34 HPs)
             Began as a High Elf Skald on Apr 10, 2017.
             Was an Initiate of Ashenzari.
             Mangled by an ogre
             ... wielding a +0 giant club
              (28 damage)
             ... on level 4 of the Dungeon.
             The game lasted 00:11:52 (4573 turns).

Haldmier the Slasher (High Elf Skald)               Turns: 4573, Time: 00:11:53

Health: -9/34      AC:  4    Str: 12    XL:     5   Next: 92%
Magic:  3/9        EV: 11    Int: 15    God:    Ashenzari [......]
Gold:   109        SH:  0    Dex: 15    Spells: 3 memorised, 2 levels left

rFire  . . .     SeeInvis .     a - +0 falchion
rCold  . . .     Gourm    .     b - +0 leather armour
rNeg   . . .     Faith    .     (no shield)
rPois  .         Spirit   .     (no helmet)
rElec  .         Reflect  .     (no cloak)
rCorr  .         Harm     .     (no gloves)
MR     .....                    h - +0 pair of boots
Stlth  +.........               (no amulet)
                                (no ring)
                                (no ring)

@: very slightly contaminated
A: no striking features
a: Curse Item, Renounce Religion


You were on level 4 of the Dungeon.
You worshipped Ashenzari.
Ashenzari was noncommittal.
You were not hungry.

You visited 1 branch of the dungeon, and saw 4 of its levels.

You collected 109 gold pieces.

Inventory:

Hand Weapons
 a - a +0 falchion (weapon)
 v - a +0 rapier of draining
Missiles
 l - 110 stones (quivered)
 p - 3 tomahawks
Armour
 b - a +0 leather armour (worn)
 h - a +0 pair of boots (worn)
 j - a +0 ring mail
Wands
 q - a wand of lightning (4/15)
Scrolls
 e - 2 scrolls of amnesia
 f - a scroll of enchant weapon {unknown}
 k - a scroll of teleportation {unknown}
 n - 4 scrolls of identify
 w - a scroll of random uselessness {unknown}
Potions
 g - 4 potions of curing {unknown}
 i - 2 potions of berserk rage {unknown}
 r - a potion of haste {unknown}
 t - a potion of heal wounds {unknown}
 u - a potion of brilliance {unknown}
 x - a potion of might {unknown}
Books
 c - a book of Battle

   Spells                             Type                      Level
   a - Infusion                       Charms                       1
   b - Shroud of Golubria             Charms/Translocation         2
   c - Song of Slaying                Charms                       2
   d - Spectral Weapon                Hexes/Charms                 3
   e - Regeneration                   Charms/Necromancy            3
Comestibles
 d - 3 bread rations
 m - a beef jerky
 o - 3 meat rations
 s - 8 chunks of flesh


   Skills:
 - Level 2.0 Fighting
 + Level 4.8 Long Blades
 - Level 0.8 Armour
 - Level 1.1 Dodging
 - Level 2.4 Spellcasting
 + Level 3.1 Hexes
 + Level 3.9 Charms
 - Level 3.1 Translocations


You had 2 spell levels left.
You knew the following spells:

 Your Spells              Type           Power        Failure   Level  Hunger
a - Infusion              Chrm           ##..         6%          1    #......
b - Shroud of Golubria    Chrm/Tloc      ##........   12%         2    ###....
c - Spectral Weapon       Hex/Chrm       ##......     21%         3    ###....


Dungeon Overview and Level Annotations

Branches:
Dungeon (4/15)
 Temple: D:4-7

Altars:
Ashenzari
Makhleb
The Shining One


Message History

You kill the howler monkey!
Your Hexes skill increases to level 3!
Casting: Spectral Weapon
Confirm with . or Enter, or press ? or * to list all spells.
You miscast Shroud of Golubria.
You are very lightly contaminated with residual magic.
Nothing appears to happen.
You now have 4/9 mp.
Casting: Shroud of Golubria
Confirm with . or Enter, or press ? or * to list all spells.
Space distorts slightly along a thin shroud covering your body.
You now have 3/9 mp.
You barely miss the ogre.
Your spectral weapon hits the ogre!
The ogre hits you with a giant club!
You take 13 damage, and have 19/34 hp.
MASSIVE DAMAGE!!
You slash the ogre!
The ogre is severely wounded.
Your spectral weapon hits the ogre.
The ogre hits you with a giant club!!
Ouch! That really hurt!
You die...

...### _. ....##
.#.#
######.#..##..#
...........##.
............##
.............#
...........#
.......#.(.##.#.#
#........@O......
#................
#................
#................
##########.......
..###.#####.# #>#
#.).#.# .#
#.#.#.# #.#.#.#


You could see an ogre and a friendly spectral falchion.

Vanquished Creatures
  A scorpion (D:2)
  A howler monkey (D:4)
  A gnoll (D:2)
  5 adders (D:2)
  An ooze (D:2)
  2 worms
  12 dart slugs
  A leopard gecko (D:3)
  An orc (D:4)
  4 giant cockroaches
  9 goblins
  8 hobgoblins
  A jackal (D:2)
  10 kobolds
  5 quokkas
  3 ball pythons
  11 bats
  2 frilled lizards (D:2)
  11 rats
89 creatures vanquished.

Vanquished Creatures (others)
  4 toadstools (D:1)
4 creatures vanquished.

Grand Total: 93 creatures vanquished

Notes
Turn   | Place    | Note
-------+----------+-------------------------------------------
     0 | D:1      | Haldmier the High Elf Skald began the quest for the Orb.
     0 | D:1      | Reached XP level 1. HP: 14/14 MP: 4/4
   198 | D:1      | Reached skill level 3 in Long Blades
   338 | D:1      | Reached XP level 2. HP: 18/19 MP: 6/6
   344 | D:1      | Learned a level 2 spell: Shroud of Golubria
   564 | D:1      | Found a shattered altar of Ashenzari.
   569 | D:1      | Reached skill level 1 in Translocations
   585 | D:1      | Became a worshipper of Ashenzari the Shackled
   744 | D:2      | Reached XP level 3. HP: 21/24 MP: 0/7
   817 | D:2      | Learned a level 3 spell: Spectral Weapon
   970 | D:2      | Reached skill level 4 in Long Blades
   970 | D:2      | Reached skill level 1 in Hexes
  1582 | D:2      | Reached XP level 4. HP: 29/29 MP: 1/8
  3110 | D:2      | Reached XP level 5. HP: 7/34 MP: 3/9
  3444 | D:3      | Found a faded altar of an unknown god.
  3444 | D:3      | Found a faded altar of an unknown god.
  3451 | D:3      | Found a burning altar of Makhleb.
  3453 | D:3      | Found a faded altar of an unknown god.
  3454 | D:3      | Found a faded altar of an unknown god.
  4562 | D:4      | Found a glowing golden altar of the Shining One.
  4567 | D:4      | Noticed an ogre
  4573 | D:4      | Mangled by an ogre

Skill      XL: |  1  2  3  4  5 |
---------------+----------------+-----
Long Blades    | 3 4 |  4.8
Translocations | 1 2 3 |  3.1
Hexes          | 1 2 3 |  3.1
Fighting       | |  2.0
Armour         | |  0.8
Dodging        | |  1.1
Spellcasting   | |  2.4
Charms         | |  3.9

Action                   |  1- 3 |  4- 6 || total
-------------------------+-------+-------++-------
Melee: Falchion          |    70 |   174 ||   244
 Cast: Infusion          |    14 |    11 ||    25
       Shroud of Golubri |     5 |    12 ||    17
       Spectral Weapon   |       |     3 ||     3
  Use: Scroll            |     2 |       ||     2
 Stab: Sleeping          |     1 |     1 ||     2
  Eat: Chunk             |     2 |    12 ||    14
Armor: Leather armour    |    23 |    46 ||    69
Dodge: Dodged            |    51 |    90 ||   141
       Rpst.: Falchion   |    16 |    38 ||    54
